 Dungeon Crawl Stone Soup version 0.28-a0-407-g69098e2f6d (webtiles) character file.

Game seed: 5541654370444046084

9 ytrimaz the Insei (level 2, -2/18 HPs)
             Began as an Octopode Transmuter on Sept 5, 2021.
             Slain by a kobold (4 damage)
             ... on level 1 of the Dungeon.
             The game lasted 00:00:29 (230 turns).

ytrimaz the Insei (Octopode Transmuter)              Turns: 230, Time: 00:00:30

Health: -2/18      AC:  1    Str:  9    XL:     2   Next: 12%
Magic:  5/5        EV: 13    Int: 15    God:
Gold:   36         SH:  0    Dex: 12    Spells: 4/5 levels left

rFire   . . .      SeeInvis .     - Unarmed
rCold   . . .      Faith    .   (no shield)
rNeg    . . .      Spirit   .   (helmet restricted)
rPois   .          Reflect  .   (no amulet)
rElec   .          Harm     .   (no ring)
rCorr   .          Rampage  .   (no ring)
Will    .....                   (no ring)
Stlth   ++........              (no ring)
HPRegen 0.06/turn               (no ring)
MPRegen 0.09/turn               (no ring)
                                (no ring)
                                (no ring)

@: no status effects
A: almost no armour, amphibious, 8 rings, camouflage 1, gelatinous body 1,
(nimble swimmer 1), tentacles
a: no special abilities


You were on level 1 of the Dungeon.
You visited 1 branch of the dungeon, and saw 1 of its levels.

You collected 36 gold pieces.

Inventory:

Scrolls
 a - a scroll of identify {unknown}
 b - a scroll of vulnerability {unknown}
 c - a scroll of silence {unknown}
Potions
 d - a potion of degeneration {unknown}


   Skills:
 + Level 1.0 Fighting
 + Level 2.1 Dodging
 + Level 3.3 Unarmed Combat
 + Level 2.0 Spellcasting
 + Level 2.1 Transmutations


You had 4 spell levels left.
You knew the following spells:

 Your Spells              Type           Power      Damage    Failure   Level
a - Beastly Appendage     Tmut           14%        N/A       10%         1

Your spell library contained the following spells:

 Spells                   Type           Power      Damage    Failure   Level
 Wereblood                Tmut           7%         N/A       14%         2
 Spider Form              Tmut/Pois      2%         N/A       41%         3
 Ice Form                 Ice/Tmut       4%         N/A       82%         4


Dungeon Overview and Level Annotations

Branches:
Dungeon (1/15)

Altars:


Innate Abilities, Weirdness & Mutations

You cannot wear most types of armour.
You are amphibious.
You can wear up to eight rings at the same time.
Your skin changes colour to match your surroundings (Stealth+).
Your rubbery body absorbs attacks. (AC +1, EV +1)
((You are camouflaged near water. (Stealth+)))
You have tentacles for arms and can constrict up to eight enemies at once.


Message History

The giant cockroach closely misses you.
The kobold shouts!
You tentacle-slap the giant cockroach but do no damage.
The giant cockroach is lightly wounded.
You constrict the giant cockroach. The giant cockroach closely misses you.
You release your grip on the giant cockroach.
The giant cockroach bites you.
You closely miss the giant cockroach. You grab the giant cockroach.
The giant cockroach is moderately wounded.
You constrict the giant cockroach. The giant cockroach misses you.
The hobgoblin closely misses you.
You tentacle-slap the giant cockroach.
The giant cockroach is severely wounded.
You constrict the giant cockroach, but do no damage.
The giant cockroach completely misses you.
The hobgoblin closely misses you.
You completely miss the hobgoblin. Your grab misses the hobgoblin.
You constrict the giant cockroach. The giant cockroach bites you.
The hobgoblin misses you.
You closely miss the hobgoblin. You grab the hobgoblin.
You constrict the hobgoblin.
You constrict the giant cockroach, but do no damage.
The giant cockroach misses you. The giant cockroach closely misses you.
The hobgoblin hits you.
You tentacle-slap the hobgoblin.
The hobgoblin is almost dead.
You constrict the hobgoblin, but do no damage.
You constrict the giant cockroach.
You kill the giant cockroach!
The hobgoblin hits you.
You have reached level 2!
You tentacle-slap the hobgoblin but do no damage.
You squeeze the hobgoblin.
You kill the hobgoblin!
The kobold hits you with a +0 club.
* * * LOW HITPOINT WARNING * * *
You tentacle-slap the kobold. You grab the kobold.
The kobold is heavily wounded.
You constrict the kobold. The kobold hits you with a +0 club.
You die...

.....# ..... .... ...#
#.. #. #.#####.#### #.#
# ##..........# #.#
#.#@K.# #..... #.#
.####.#...# #.... ##.##
......#...####.#.###...#
#.........#.#.##.....
#....................
#......^..#....#.....
#.##...####....(..#.#
#..............##.#.#
####...##....#....#..


You could see a kobold.

Vanquished Creatures
  2 ball pythons (D:1)
  A bat (D:1)
  A giant cockroach (D:1)
  A hobgoblin (D:1)
  A kobold (D:1)
  A quokka (D:1)
7 creatures vanquished.

Notes
Turn   | Place    | Note
-------+----------+-------------------------------------------
     0 | D:1      | ytrimaz the Octopode Transmuter began the quest for the
                  | Orb.
     0 | D:1      | Reached XP level 1. HP: 13/13 MP: 3/3
   229 | D:1      | Reached XP level 2. HP: 5/18 MP: 5/5
   230 | D:1      | Slain by a kobold

Illustrated notes

Levels and vault maps discovered:
D:1:      saegor_arrival_miasma, layout_loops_ring

Action                   || total
-------------------------++-------
Melee: Unarmed           ||    20
       Constrict         ||     9
       Tentacles         ||     1
 Stab: Sleeping          ||     3
Armor: Skin              ||     3
Dodge: Dodged            ||    18

Table legend: (Time is in decaauts)
 A = Elapsed time spent in this place.
 B = Non-inter-level travel time spent in this place.
 C = Inter-level travel time spent in this place.
 D = Time resting spent in this place.
 E = Time spent auto-exploring this place.
 F = Levels seen in this place.
 G = Mean time per level.
                   A        B        C        D        E       F      G
               +--------+--------+--------+--------+--------+-----+--------+
         Total |    229 |    229 |      0 |      0 |    134 |   1 |  229.0 |
       Dungeon |    229 |    229 |      0 |      0 |    134 |   1 |  229.0 |
               +--------+--------+--------+--------+--------+-----+--------+

Top non-repeatable levels by time:
     D:1: 229 daAuts
